 Dungeon Crawl Stone Soup version 0.29.1-15-g9cfb28693d (webtiles) character file.

Game seed: 13050487312623179082

34128 geometer the Nimble (level 13, 0/62 HPs)
             Began as a Felid Summoner on Feb 25, 2023.
             Was an Initiate of Gozag.
             Succumbed to Nessos's poison
             ... on level 13 of the Dungeon on Mar 8, 2023.
             The game lasted 06:57:21 (35270 turns).

geometer the Nimble (Felid Summoner)               Turns: 35270, Time: 06:57:21

Health: 0/62       AC:  3    Str:  4    XL:     13   Next: 40%
Magic:  8/28       EV: 31    Int: 27    God:    Gozag
Gold:   772        SH:  0    Dex: 23    Spells: 1/32 levels left
                                        Lives:  0   Deaths: 3

rFire   . . .      SeeInvis +   (weapon unavailable)
rCold   + . .      Faith    .   (shield unavailable)
rNeg    . . .      Spirit   .   (body armour unavailable)
rPois   +          Reflect  .   (helmet unavailable)
rElec   .          Harm     .   (cloak unavailable)
rCorr   +          Rampage  .   (gloves unavailable)
Will    +....                   (boots unavailable)
Stlth   +++.......              Q - amulet of Borghiem {Regen+ rCorr Dex+6}
HPRegen 1.00/turn               L - +6 ring of intelligence
MPRegen 0.21/turn               M - ring of poison resistance

@: lethally poisoned (0 -> -16), gold aura, very slightly contaminated, quick
A: very small, claws 1, fangs 3, see invisible, speed 1, shaggy fur 3, stealthy
paws, no weapons or thrown items, no armour, multi-lived
a: Renounce Religion, Potion Petition, Call Merchant, Bribe Branch


You were on level 13 of the Dungeon.
You worshipped Gozag.
Gozag was pleased with you.
You visited 4 branches of the dungeon, and saw 22 of its levels.
You also visited: Sewer.

You collected 7768 gold pieces.
You spent 3718 gold pieces at shops.
You paid 3278 gold pieces to Gozag.

Inventory:

Jewellery
 g - an amulet of the acrobat
 D - an amulet of guardian spirit
 E - a ring of fire
 I - a +4 ring of protection
 L - a +6 ring of intelligence (left paw)
 M - a ring of poison resistance (right paw)
 N - a +6 ring of strength
 Q - the amulet of Borghiem (around neck) {Regen+ rCorr Dex+6}
   (You bought it in a shop on level 10 of the Dungeon)

   [amulet of regeneration]

   Dex:       It affects your dexterity (+6).
   Regen:     It increases your rate of health regeneration.
   rCorr:     It protects you from acid and corrosion.
 S - a ring of protection from fire
Wands
 m - a wand of flame (33)
 A - a wand of roots (3)
 H - a wand of paralysis (10)
 P - a wand of mindburst (14)
Scrolls
 e - 6 scrolls of fear
 h - 4 scrolls of enchant armour
 i - 3 scrolls of vulnerability
 k - 2 scrolls of amnesia
 q - 4 scrolls of magic mapping {unknown}
 s - 2 scrolls of acquirement {unknown}
 u - a scroll of silence {unknown}
 v - 6 scrolls of blinking
 y - 3 scrolls of enchant weapon
 z - 4 scrolls of fog
 B - 7 scrolls of immolation
 C - 12 scrolls of teleportation
 F - a scroll of brand weapon {unknown}
 G - 2 scrolls of poison
 J - 3 scrolls of summoning
 K - a scroll of noise {unknown}
 R - a scroll of identify
Potions
 a - a potion of magic
 b - a potion of heal wounds
 c - 2 potions of berserk rage
 d - 6 potions of curing
 f - a potion of resistance
 j - 9 potions of degeneration
 l - 4 potions of brilliance
 n - 7 potions of ambrosia
 o - a potion of might
 p - 6 potions of attraction
 r - 4 potions of haste
 t - 2 potions of flight
 w - 2 potions of experience {unknown}
 x - 4 potions of lignification
 O - 2 potions of mutation
 T - a potion of invisibility {unknown}


   Skills:
 + Level 10.7 Fighting
 + Level 13.9 Dodging
 - Level 2.8 Stealth
 - Level 10.0 Spellcasting
 - Level 10.0 Hexes
 - Level 10.0 Summonings
 - Level 5.0 Translocations
 * Level 12.1 Transmutations
 * Level 12.3 Air Magic


You had one spell level left.
You knew the following spells:

 Your Spells              Type           Power      Damage    Failure   Level
a - Blink                 Tloc           80%        N/A       1%          2
b - Storm Form            Tmut/Air       34%        N/A       24%         7
c - Call Canine Familiar  Summ           61%        N/A       1%          3
d - Summon Guardian Gole  Hex/Summ       61%        N/A       1%          3
e - Summon Lightning Spi  Summ/Air       65%        N/A       1%          4
f - Summon Mana Viper     Hex/Summ       61%        N/A       1%          5
g - Passwall              Tmut/Erth      38%        N/A       1%          2
h - Summon Forest         Summ/Tloc      26%        N/A       5%          5

Your spell library contained the following spells:

 Spells                   Type           Power      Damage    Failure   Level
 Apportation              Tloc           80%        N/A       1%          1
 Beastly Appendage        Tmut           100%       N/A       1%          1
 Sting                    Tmut/Pois      100%       1d8       1%          1
 Summon Small Mammal      Summ           100%       N/A       1%          1
 Magic Dart               Conj           52%        1d5       4%          1
 Necrotise                Necr           52%        1d6       4%          1
 Call Imp                 Summ           61%        N/A       1%          2
 Poisonous Vapours        Pois/Air       92%        N/A       1%          2
 Ignite Poison            Fire/Tmut/Pois 35%        N/A       2%          3
 Mephitic Cloud           Conj/Pois/Air  35%        N/A       2%          3
 Petrify                  Tmut/Erth      46%        N/A       3%          4
 Fulminant Prism          Conj/Hex       20%        3d13      5%          4
 Leda's Liquefaction      Hex/Erth       20%        N/A       5%          4
 Summon Ice Beast         Ice/Summ       40%        N/A       5%          4
 Searing Ray              Conj           26%        2d5       6%          2
 Sublimation of Blood     Necr           13%        N/A       6%          2
 Irradiate                Conj/Tmut      23%        3d19      10%         5
 Summon Cactus Giant      Summ           30%        N/A       11%         6
 Stone Arrow              Conj/Erth      26%        3d8       13%         3
 Vampiric Draining        Necr           13%        2d6       13%         3
 Manifold Assault         Tloc           40%        N/A       16%         5
 Freezing Cloud           Conj/Ice/Air   17%        6-21      22%         5
 Olgreb's Toxic Radiance  Pois           13%        N/A       38%         4
 Statue Form              Tmut/Erth      30%        N/A       50%         6
 Dispersal                Tloc           20%        N/A       63%         6
 Agony                    Necr           13%        N/A       75%         5
 Iskenderun's Battlesphe  Conj           13%        2d7       75%         5
 Spellforged Servitor     Conj/Summ      20%        N/A       99%         7
 Iron Shot                Conj/Erth      6%         9d2       100%        6
 Disjunction              Tloc           20%        N/A       100%        8
 Lehudib's Crystal Spear  Conj/Erth      6%         10d3      100%        8


Dungeon Overview and Level Annotations

Branches:
Dungeon (14/15)            Temple (1/1) D:5            Lair (5/5) D:8
  Swamp (0/4) Lair:2       Spider (0/4) Lair:3        Slime (0/5) Lair:5
    Orc (2/2) D:11            Elf (0/3) Orc:2        Vaults (0/5) D:13
  Sewer (visited)

Altars:
Ashenzari
Cheibriados
Dithmenos
Elyvilon
Fedhas
Gozag
Hepliaklqana
Kikubaaqudgha
Makhleb
Nemelex Xobeh
Okawaru
Qazlal
Ru
Sif Muna
Trog
Uskayaw
Vehumet
Wu Jian
Xom
Yredelemnul
Zin
The Shining One

Shops:
D:4 :?   D:8 :   D:10 =!   D:12 *   Orc:1 (   Orc:2 **=![[(=!:   Lair:1 ?

Annotations:
D:7 exclusion: downstairs
D:8 exclusions: downstairs and 2 more exclusions
D:9 4 transporters, exclusions: downstairs, electric eel and troll
D:10 exclusion: downstairs
D:11 exclusion: downstairs
D:12 exclusion: downstairs
D:13 1 exclusion, Frances
D:14 Nessos
Lair:1 3 runed translucent doors, exclusion: door, Fiagud's ghost, novice VSBr; Xolekafat's ghost, journeyman DjBe
Orc:2 exclusion: orc sorcerer


Innate Abilities, Weirdness & Mutations

You have sharp claws.
You have razor-sharp teeth.
You have supernaturally acute eyesight. (SInv)
You cover ground quickly. (Speed+)
Your thick and shaggy fur keeps you warm. (AC +3, rC+)
Your paws help you pounce on unaware monsters.
You are incapable of wielding weapons or throwing items.
You cannot wear armour.
You gain extra lives every three experience levels.


Message History

The arrow hits your lightning spire but does no damage.
The centaur shoots an arrow.
The arrow completely misses you.
Your lightning spire is engulfed in blazing flames.
Your lightning spire shoots out a bolt of lightning at Nessos!
The bolt of electricity hits Nessos!
Nessos is no longer distracted by gold.
Casting: Blink (safe; 1% risk of failure)
Confirm with . or Enter, or press ? or * to list all spells.
You are still too unstable to blink.
You feel sick.
Nessos shoots an arrow.
The arrow hits you!
* * * LOW HITPOINT WARNING * * *
The arrow burns you.
You are lethally poisoned!
* * * LOW HITPOINT WARNING * * *
The centaur shoots an arrow.
The arrow closely misses your warg. The arrow hits your lightning spire!
Nessos is distracted by your dazzling golden aura.
Your lightning spire is engulfed in blazing flames.
Your lightning spire shoots out a bolt of lightning at Nessos!
The bolt of electricity hits Nessos!
Nessos is no longer distracted by gold.
There is an escape hatch in the ceiling here.
You feel stable enough to blink again.
* * * LOW HITPOINT WARNING * * *
You feel extremely sick.
Nessos is distracted by your dazzling golden aura.
The centaur unwields a +0 shortbow.
The centaur hits your warg!
Your warg dies!
Your warg's corpse disappears in a puff of smoke!
The centaur shoots an arrow.
The arrow hits your lightning spire but does no damage.
The centaur wields a +0 shortbow.
The centaur shoots an arrow.
The arrow hits your lightning spire.
Your lightning spire is engulfed in blazing flames.
Your lightning spire shoots out a bolt of lightning at Nessos!
The bolt of electricity misses Nessos.
Nessos shouts!
A mysterious force pulls you upwards. The hatch slams shut behind you.
Your summoned allies are left behind.
Level annotation: 1 exclusion, Frances You die...
Your body crumbles into a pile of gold.

#####
#..^.......##..#...........
#.............##......}..##
#.........................#
#.........................#
#..........##.##..).......#
#........).##.###...)..##.#
#..........##.###.<.).###.#
###########........##........#.#
#.....# ##..###@.........###.#.#
#.....###..## #.................
#.....#...## #............#....
#.....#.### #.......##########
#.......# #.......#.#)#.#.#.
#.....### #.......#'#'#'#'#'
#.[...# #.....#.[.........
#.....# #....##.'~........
#.....# #######.'.........


There were no monsters in sight!

Vanquished Creatures
  2 vault guards (D:13)
  An orc high priest (Orc:2)
  A blink frog (Lair:3)
  4 humans
  2 vampire mosquitoes (D:13)
  2 centaurs (D:13)
  A bullfrog (D:7)
  A howler monkey (D:11)
  An orc priest (Orc:2)
  An orc wizard (D:6)
  A river rat (Sewer)
  4 orcs
  6 ball pythons
  2 bats
  An endoplasm (D:4)
  A giant cockroach (D:1)
  2 goblins
  3 hobgoblins
  2 jackals (D:1)
  A quokka (D:1)
  3 frilled lizards
  2 kobolds
  4 rats
48 creatures vanquished.

Vanquished Creatures (collateral kills)
  The ghost of promet the Covert, a journeyman VSBr of Dithmenos (Lair:4)
  Harold (D:10)
  2 vault guards
  Erolcha (D:11)
  2 boulder beetles
  3 centaur warriors
  4 hydras
  2 death yaks (Lair:5)
  A tengu warrior (D:13)
  An orb spider (Lair:3)
  2 bog bodies (Lair:2)
  A deep elf pyromancer (D:12)
  A lindwurm (Lair:5)
  An orc knight (Orc:2)
  The ghost of Wentworth the Chiller, a novice VSIE of Gozag (D:8)
  2 orc sorcerers (Orc:2)
  3 cyclopes
  2 ugly things (D:12)
  8 elephants (Lair:5)
  4 black mambas
  Maurice (D:10)
  2 torpor snails
  11 cane toads
  2 unseen horrors (D:11)
  A gargoyle (D:12)
  6 rime drakes
  The ghost of zlionsfan the Trooper, an amateur OgCA of Vehumet (D:7)
  3 komodo dragons
  A tengu conjurer (D:8)
  2 meliai (D:13)
  A queen bee (Lair:3)
  15 blink frogs
  2 polar bears
  A hornet (D:8)
  4 slime creatures (D:12)
  5 dream sheep (Lair:4)
  A vampire (D:10)
  A shadow (D:9)
  5 wraiths
  39 yaks
  2 wyverns (Lair:4)
  7 basilisks
  A yak (shapeshifter) (D:13)
  3 humans (D:13)
  10 vampire mosquitoes
  2 steam dragons (D:7)
  2 wargs (Orc:2)
  2 acid dragons
  4 water moccasins
  4 ice beasts (D:7)
  20 orc warriors
  2 black bears
  3 boggarts
  5 ogres
  A phantom (D:5)
  4 centaurs
  35 wolves
  2 kobold brigands
  7 bullfrogs
  A wight (D:6)
  22 killer bees
  3 howler monkeys
  18 orc priests
  3 hounds
  A jelly (D:8)
  A gnoll bouda (D:8)
  6 iguanas
  21 orc wizards
  Natasha (D:2)
  2 centaur simulacra (D:7)
  A killer bee simulacrum (D:7)
  Robin (D:3)
  5 gnolls
  4 river rats (Sewer)
  11 adders
  3 white imps
  2 ufetubi (D:5)
  5 worms
  A dart slug (D:5)
  79 orcs
  6 endoplasms
  3 giant cockroaches
  15 goblins
  10 hobgoblins
  3 jackals (D:1)
  4 quokkas
  7 ball pythons
  2 bats
  8 frilled lizards
  14 kobolds
  3 rats
529 creatures vanquished.

Vanquished Creatures (others)
  An orc warlord (Orc:2)
  6 hydras
  A catoblepas (Lair:5)
  The ghost of dudediamond6 the Thaumaturge, a journeyman DrCj of Vehumet (D:12)
  6 death yaks
  2 orc high priests (Orc:2)
  A deep troll shaman (Lair:5)
  3 orc knights (Orc:2)
  An ugly thing (D:12)
  A manticore (D:12)
  A cyclops (D:13)
  An orc sorcerer (Orc:2)
  An elephant (Lair:5)
  A black mamba (Lair:5)
  A komodo dragon (Lair:1)
  A meliai (D:13)
  2 polar bears
  A troll (D:9)
  2 blink frogs (Lair:4)
  Grum (D:10)
  A human (D:13)
  A wyvern (Lair:5)
  22 yaks
  4 vampire mosquitoes
  A warg (D:11)
  Edmund (D:6)
  Menkaure (D:6)
  Duvessa (D:6)
  A water moccasin (Lair:3)
  An acid dragon (D:7)
  4 orc warriors (Orc:2)
  2 ice beasts
  3 black bears
  A boggart (D:12)
  An ogre (D:5)
  5 centaurs
  14 wolves
  2 scorpions
  2 jellies
  8 wights (D:6)
  Dowan (D:6)
  2 killer bees (Lair:3)
  A wyvern simulacrum (D:7)
  Crazy Yiuf (D:5)
  A hound (D:5)
  2 orc priests
  A gnoll bouda (D:10)
  3 iguanas (D:5)
  2 orc wizards
  4 gnolls
  2 adders (D:5)
  6 orcs
  75 fungi
  75 plants
287 creatures vanquished.

Grand Total: 864 creatures vanquished

Notes
Turn   | Place    | Note
-------+----------+-------------------------------------------
     0 | D:1      | geometer the Felid Summoner began the quest for the Orb.
     0 | D:1      | Reached XP level 1. HP: 7/7 MP: 4/4
   261 | D:1      | Reached XP level 2. HP: 11/11 MP: 3/6
   432 | D:1      | Found a faded altar of an unknown god.
   714 | D:1      | Reached XP level 3. HP: 13/14 MP: 1/8
  1554 | D:2      | Noticed Natasha
  1702 | D:3      | Learned a level 2 spell: Call Imp
  1706 | D:3      | Learned a level 3 spell: Call Canine Familiar
  1713 | D:2      | Killed Natasha
  1774 | D:2      | Reached XP level 4. HP: 18/18 MP: 9/9
  2097 | D:2      | Reached skill level 5 in Summonings
  2467 | D:2      | Learned a level 3 spell: Summon Guardian Golem
  2770 | D:3      | Noticed Robin
  2783 | D:3      | Reached skill level 3 in Dodging
  2816 | D:3      | Killed Robin
  2817 | D:3      | Reached skill level 1 in Hexes
  2817 | D:3      | Reached XP level 5. HP: 15/21 MP: 1/11
  3303 | D:3      | Found a faded altar of an unknown god.
  3303 | D:3      | Found a faded altar of an unknown god.
  3310 | D:3      | Found an ornate altar of the Wu Jian Council.
  3312 | D:3      | Found a blossoming altar of Fedhas.
  3314 | D:3      | Found a glowing golden altar of the Shining One.
  3455 | D:4      | Slain by an iguana
  3456 | D:4      | Reached XP level 4. HP: -1/18 MP: 5/10
  3559 | D:4      | Reached skill level 1 in Fighting
  3622 | D:4      | Found Sivezauk's Magic Scroll Shoppe.
  3657 | D:4      | Reached XP level 5. HP: 17/22 MP: 4/11
  3773 | D:4      | Found Wazocs's Book Shop.
  4482 | D:5      | Entered Level 5 of the Dungeon
  4806 | D:5      | Found a staircase to the Ecumenical Temple.
  4829 | Temple   | Entered the Ecumenical Temple
  5005 | Temple   | Became a worshipper of Gozag Ym Sagoz the Greedy
  5080 | D:5      | Noticed a black bear
  5099 | D:5      | Killed a black bear
  5100 | D:5      | Reached skill level 4 in Dodging
  5100 | D:5      | Gained mutation: You are covered in thick fur. (AC +2)
                  | [Felid growth]
  5100 | D:5      | Reached XP level 6. HP: 26/26 MP: 4/13
  5105 | D:5      | Learned a level 4 spell: Summon Lightning Spire
  5535 | D:5      | Reached skill level 1 in Air Magic
  5535 | D:5      | Reached XP level 7. HP: 30/30 MP: 8/14
  6719 | D:5      | Reached skill level 5 in Dodging
  6995 | D:5      | Reached XP level 8. HP: 34/34 MP: 15/15
  7290 | D:5      | Found a runed translucent door.
  7291 | D:5      | Noticed Crazy Yiuf
  7612 | D:5      | Killed Crazy Yiuf
  7735 | D:6      | Reached skill level 5 in Hexes
  8018 | D:6      | Found a broken altar of Ashenzari.
  8287 | D:6      | Found a glowing drain.
  8300 | Sewer    | Entered a sewer
  8561 | Sewer    | Reached skill level 5 in Spellcasting
  9297 | D:6      | Reached skill level 6 in Dodging
  9328 | D:6      | Noticed Dowan
  9330 | D:6      | Noticed Duvessa
  9341 | D:6      | Killed Dowan
  9352 | D:6      | Killed Duvessa
  9579 | D:6      | Noticed Edmund
  9619 | D:6      | Killed Edmund
  9939 | D:6      | Reached XP level 9. HP: 39/39 MP: 12/18
  9994 | D:6      | Found a bloodstained altar of Trog.
 10321 | D:6      | Noticed Menkaure
 10332 | D:6      | Killed Menkaure
 10333 | D:6      | Reached skill level 5 in Air Magic
 10733 | D:7      | Reached skill level 7 in Dodging
 10821 | D:7      | Reached skill level 5 in Fighting
 11369 | D:7      | Found a runed translucent gate.
 11370 | D:7      | Found a runed translucent gate.
 11372 | D:7      | Found a runed translucent gate.
 11428 | D:7      | Noticed zlionsfan's ghost (amateur OgCA)
 11476 | D:7      | Killed zlionsfan's ghost
 11477 | D:7      | Reached skill level 8 in Dodging
 11479 | D:7      | Reached XP level 10. HP: 44/44 MP: 5/20
 11758 | D:7      | Found a sacrificial altar of Ru.
 12830 | D:8      | Found an ancient bone altar of Kikubaaqudgha.
 12935 | D:8      | Found a runed translucent door.
 12935 | D:8      | Noticed Wentworth's ghost (novice VSIE)
 13152 | D:8      | Found a staircase to the Lair.
 14065 | D:8      | Bought the Vademecum on Called Transformation for 672 gold
                  | pieces
 14071 | D:8      | Learned a level 5 spell: Summon Mana Viper
 14509 | D:9      | Found a transporter.
 14510 | D:9      | Found a transporter.
 14514 | D:9      | Found a transporter.
 14515 | D:9      | Found a transporter.
 14588 | D:9      | Reached skill level 9 in Dodging
 14693 | D:9      | Found a sparkling altar of Nemelex Xobeh.
 14909 | D:8      | Bought an Inescapable Atlas for 476 gold pieces
 14913 | D:8      | Learned a level 2 spell: Blink
 15293 | D:10     | Entered Level 10 of the Dungeon
 15293 | D:10     | Noticed Grum
 15353 | D:10     | Killed Grum
 15354 | D:10     | Reached skill level 1 in Translocations
 15549 | D:10     | Noticed Harold
 15561 | D:10     | Killed Harold
 15562 | D:10     | Reached XP level 11. HP: 49/49 MP: 10/22
 15725 | D:10     | Noticed Maurice
 15745 | D:10     | Killed Maurice
 15831 | D:10     | Found Foemmoid's Distillery.
 15870 | D:10     | Bought a potion of heal wounds for 75 gold pieces
 16231 | D:10     | Learned a level 7 spell: Storm Form
 16297 | Lair:1   | Entered Level 1 of the Lair of Beasts
 16418 | Lair:1   | Reached skill level 1 in Transmutations
 16856 | Lair:1   | Found a runed translucent gate.
 16856 | Lair:1   | Found a runed translucent gate.
 16856 | Lair:1   | Found a runed translucent gate.
 16862 | Lair:1   | Noticed Xolekafat's ghost (journeyman DjBe)
 16862 | Lair:1   | Noticed Fiagud's ghost (novice VSBr)
 17056 | Lair:1   | Noticed a four-headed hydra
 17062 | Lair:1   | Killed a four-headed hydra
 17063 | Lair:1   | Reached skill level 10 in Dodging
 17216 | Lair:1   | Noticed an eight-headed hydra
 17223 | Lair:1   | Killed an eight-headed hydra
 17818 | Lair:1   | Gained mutation: Your thick and shaggy fur keeps you warm.
                  | (AC +3, rC+) [Felid growth]
 17818 | Lair:1   | Reached XP level 12. HP: 54/54 MP: 19/24
 17944 | Lair:1   | Reached skill level 5 in Translocations
 18878 | Lair:1   | Bought a scroll of identify for 24 gold pieces
 18878 | Lair:1   | Bought a scroll of identify for 24 gold pieces
 18878 | Lair:1   | Bought a scroll of identify for 24 gold pieces
 19158 | Lair:2   | Reached skill level 5 in Transmutations
 19220 | Lair:2   | Found a staircase to the Swamp.
 19308 | Lair:2   | Noticed a five-headed hydra
 19320 | Lair:2   | Killed a five-headed hydra
 19321 | Lair:2   | Reached skill level 11 in Dodging
 19321 | Lair:2   | Reached skill level 10 in Hexes
 20183 | Lair:3   | Reached skill level 10 in Summonings
 20396 | Lair:3   | Noticed an eight-headed hydra
 20419 | Lair:3   | Killed an eight-headed hydra
 20529 | Lair:3   | Found a hole to the Spider Nest.
 20960 | Lair:3   | Reached XP level 13. HP: 59/59 MP: 17/26
 22667 | Lair:4   | Noticed promet's ghost (journeyman VSBr)
 22686 | Lair:4   | Found a runed translucent door.
 22727 | Lair:4   | Killed promet's ghost
 22728 | Lair:4   | Reached skill level 12 in Dodging
 22965 | Lair:5   | Entered Level 5 of the Lair of Beasts
 23148 | Lair:5   | Reached skill level 10 in Air Magic
 23812 | Lair:5   | Reached XP level 14. HP: 49/64 MP: 1/28
 24618 | Lair:5   | Found a staircase to the Slime Pits.
 25182 | D:8      | Killed Wentworth's ghost
 25621 | D:11     | Reached skill level 10 in Transmutations
 26161 | D:10     | Bought the amulet of Borghiem {Regen+ rCorr Dex+6} for 828
                  | gold pieces
 26225 | D:11     | Noticed Erolcha
 26255 | D:11     | Killed Erolcha
 26423 | D:11     | Found a staircase to the Orcish Mines.
 26631 | D:11     | Reached skill level 13 in Dodging
 27164 | D:11     | West chamber needs digging has book of wilderness
 27774 | D:12     | Reached skill level 10 in Fighting
 28225 | D:12     | Found Tottogri's Demolitions Depot.
 28234 | D:12     | Bought a wand of mindburst (8) for 156 gold pieces
 28258 | D:12     | Found a runed translucent gate.
 28258 | D:12     | Found a runed translucent gate.
 28258 | D:12     | Found a runed translucent gate.
 28260 | D:12     | Noticed dudediamond6's ghost (journeyman DrCj)
 28784 | D:12     | Killed dudediamond6's ghost
 29734 | Orc:1    | Entered Level 1 of the Orcish Mines
 29795 | Orc:1    | Found Ehifran's Weapon Emporium.
 30030 | Orc:2    | Entered Level 2 of the Orcish Mines
 30310 | Orc:2    | Found Yle Voph's Jewellery Shoppe.
 30320 | Orc:2    | Bought a ring of protection from fire for 350 gold pieces
 30411 | Orc:2    | Found a staircase to the Elven Halls.
 30411 | Orc:2    | Noticed an orc warlord
 30461 | Orc:2    | Reached skill level 10 in Spellcasting
 30478 | Orc:2    | Killed an orc warlord
 31337 | Orc:2    | Found Tymo's Assorted Antiques.
 31362 | Orc:2    | Bought a scroll labelled UMYMOU DOULOSA for 41 gold pieces
 31362 | Orc:2    | Bought a viscous ruby potion for 36 gold pieces
 31420 | Orc:2    | Found Plog's Assorted Antiques.
 31429 | Orc:2    | Bought a scroll of identify for 48 gold pieces
 31429 | Orc:2    | Bought a scroll labelled UMYMOU DOULOSA for 24 gold pieces
 31429 | Orc:2    | Bought a wand of flame (6) for 100 gold pieces
 32135 | Orc:2    | Found Cupucac's Jewellery Emporium.
 32135 | Orc:2    | Found Xouwkuf's Armour Shop.
 32139 | Orc:2    | Found Noaxtiug's Distillery.
 32139 | Orc:2    | Found Atusited's Antique Armour Shop.
 32157 | Orc:2    | Bought a potion of curing for 42 gold pieces
 32295 | Orc:2    | Found Hozola's Antique Weapon Emporium.
 32346 | Orc:2    | Found Axuobluf's Distillery.
 32502 | Orc:2    | Bought the Essays on Earth for 798 gold pieces
 32505 | Orc:2    | Learned a level 2 spell: Passwall
 32617 | D:11     | Learned a level 5 spell: Summon Forest
 32918 | D:13     | Killed from afar by a meliai
 32919 | D:13     | Reached XP level 13. HP: -2/60 MP: 18/28
 32928 | D:13     | Reached XP level 14. HP: 46/66 MP: 15/29
 33736 | D:12     | Slain by a vault guard
 33737 | D:12     | Reached XP level 13. HP: -3/62 MP: 26/28
 34490 | D:13     | Identified the +3 broad axe "Mylecaec" {vorpal, Fly rN+++
                  | Int-4 Dex+6 Stlth-}
 34854 | D:13     | Found a gate to the Vaults.
 34985 | D:13     | Noticed Frances
 35185 | D:14     | Found a stormy altar of Qazlal.
 35264 | D:14     | Noticed Nessos
 35269 | D:14     | HP: 3/62 [poisoned by Nessos]
 35270 | D:13     | Succumbed to Nessos's poison

Illustrated notes

##.###.#..##.........####.####
#.# #.###..###.#.#.## #..### #.#
#....##.#..##.#.# ##...# #.#
#...#..#....#.#.# ###.#
#####'###D.......##..##########'#
.......####...###...#h####.......
.......# #.#..#.)###.##.#.......
.......####...>.........##..>....
.......##.#####.@.#.#..###.......
.......##..#..).#).##.#..#.......
.......##.##.##).#.#.##.##.......
.......##.......#.....#.####'####
#####'##.##......##.##..# #.##
......######.######.#.### #..#
########.##.....# #.#^h## ##.#
######..#.#.#...##..#...#####.###
.......##...#.#..#..#.#.##.......


Turn 27164 on D:11: West chamber needs digging has book of wilderness

Levels and vault maps discovered:
D:1:      tarquinn_simple_flora_water_a, layout_basic,
          shapermc_ecumenical_altar_acropolis, minmay_tiny_reverse_x
D:2:      layout_basic, kennysheep_generic_room_6, uniq_natasha
D:3:      layout_rooms, chequers_temple_overflow_minitemple,
          minmay_misc_feat_iff, grunt_ministairs_2, uniq_robin
D:4:      layout_basic, serial_shops, nicolae_shop_stone, shop_fountains
D:5:      minmay_bubble_buster, layout_basic, minmay_temple_entry_antechambers,
          uniq_crazy_yiuf_cottage
D:6:      layout_basic, mainiacjoe_overflow_24_doors,
          mainiacjoe_overflow_chevrons, cheibrodos_sewer_entry_drain,
          uniq_edmund, uniq_menkaure, uniq_duvessa
D:7:      layout_layer_cave, old_standard_altar, gammafunk_ghost_icy
D:8:      layout_layer_cave, kiku_gazebo_garden_becter,
          grunt_lair_entry_orc_guard_hut, ebering_ghost_inner_flame,
          dreamdust_gnoll_shepherd
D:9:      layout_cave_pools, amcnicky_altar_gilded, serial_bayou_pond_b,
          nicolae_diode_quadrants
D:10:     layout_small_grid, serial_shops, shop_coins, roderic_roman_lattice,
          uniq_maurice, uniq_harold, uniq_grum
D:11:     layout_roguey, erik_orc_3, minivault_21, uniq_erolcha
D:12:     layout_basic, gammafunk_ghost_hydra_chop, nicolae_blasting_shop,
          kennysheep_path_1
D:13:     layout_rooms, ximxim_vaults_locker_room, uniq_frances
D:14:     layout_basic, grunt_qazlal_clouds, uniq_nessos
Temple:   dpeg_chambers_temple
Lair:1:   layout_cave_pods, gammafunk_ghost_cemetery,
          grunt_forest_large_clearings, serial_bayou_shore_b
Lair:2:   layout_cave_pods, skrybe_swamp_entry_bodies, lemuel_fruit_tree,
          serial_bayou_shore_b
Lair:3:   layout_misc_corridors, nicolae_spider_entry_orb_guardian, special_room
          [special_room_bee], serial_bayou_lagoon_a
Lair:4:   layout_regular_city, hellmonk_ghost_happy_afterlife
Lair:5:   grunt_lair_end_beastmaster, layout_loops_ring,
          dpeg_slime_entry_enclosed
Orc:1:    layout_diamond_mine, serial_shops, nicolae_shop_bloodbath_and_beyond
Orc:2:    grunt_orc_tribal_feast, layout_caves, serial_shops, shop_coins,
          nicolae_square_shop, shop, nicolae_shop_overgrown_old_shop,
          shop_fountains

Skill      XL: |  1  2  3  4  5  6  7  8  9 10 11 12 13 14 |
---------------+-------------------------------------------+-----
Spellcasting   | 3 4 5 6 7 8 9 10 | 10.0
Summonings     | 5 6 7 8 9 10 | 10.0
Dodging        | 3 4 5 6 8 9 10 11 12 13 | 13.9
Hexes          | 1 3 4 5 7 9 10 | 10.0
Fighting       | 1 2 3 4 5 6 7 8 9 10 | 10.7
Air Magic      | 1 2 4 5 6 7 9 10 12 | 12.3
Translocations | 1 4 5 |  5.0
Transmutations | 3 6 12 11 | 12.1
Stealth        | |  2.8

Action                   |  1- 3 |  4- 6 |  7- 9 | 10-12 | 13-15 || total
-------------------------+-------+-------+-------+-------+-------++-------
Melee: Unarmed           |    32 |    56 |    94 |    26 |    90 ||   298
       Bite              |     3 |     8 |    12 |     5 |    10 ||    38
       Punch             |     1 |     1 |       |       |     2 ||     4
 Cast: Summon Small Mamm |    58 |     6 |    11 |       |       ||    75
       Call Canine Famil |     1 |    33 |    42 |    61 |   113 ||   250
       Call Imp          |     1 |     4 |     7 |     1 |       ||    13
       Summon Guardian G |       |     7 |    34 |    41 |   127 ||   209
       Summon Lightning  |       |       |     9 |    52 |    86 ||   147
       Summon Mana Viper |       |       |       |    32 |    49 ||    81
       Storm Form        |       |       |       |       |     4 ||     4
       Blink             |       |       |       |       |    25 ||    25
       Summon Forest     |       |       |       |       |     3 ||     3
       Passwall          |       |       |       |       |     2 ||     2
Invok: Call Merchant     |       |       |       |     2 |     2 ||     4
 Abil: Blinkbolt         |       |       |       |       |     7 ||     7
Evoke: Wand              |       |       |     6 |       |     2 ||     8
  Use: Potion            |       |     1 |     1 |     2 |     3 ||     7
       Scroll            |       |       |    14 |     7 |     5 ||    26
 Stab: Distracted        |     1 |       |     1 |       |     3 ||     5
       Sleeping          |       |     3 |     1 |       |     2 ||     6
Armor: Skin              |     2 |     1 |     2 |     2 |    10 ||    17
Dodge: Dodged            |    42 |    87 |   135 |   117 |   369 ||   750
